 Dungeon Crawl Stone Soup version 0.30.0-29-ga12c61a403 (webtiles) character file.

Game seed: 4622692399692657744

14 hawla the Firebug (level 2, 0/20 HPs)
             Began as a Meteoran Fire Elementalist on June 12, 2023.
             Was an Initiate of Vehumet.
             Slain by a lemure (7 damage)
             ... led by Pikel
             ... on level 4 of the Dungeon.
             The game lasted 00:02:03 (464 turns).

hawla the Firebug (Meteoran Fire Elementalist)       Turns: 464, Time: 00:02:03

Health: 0/20       AC:  2    Str:  9    XL:     2   Next: 82%
Magic:  6/6        EV: 12    Int: 16    God:    Vehumet [......]
Gold:   20         SH:  0    Dex: 14    Spells: 3/6 levels left

rFire   . . .        (no weapon)
rCold   . . .        (no shield)
rNeg    . . .        a - +0 robe
rPois   .            (no helmet)
rElec   .            (no cloak)
rCorr   .            (no gloves)
SInv    .            (no boots)
Will    .....        (no amulet)
Stlth   +            (no ring)
HPRegen 0.23/turn    (no ring)
MPRegen 0.10/turn

%: no passive effects
@: glowing
A: sense surroundings 1, otherworldly, glowing, explore regen
a: Renounce Religion


You were on level 4 of the Dungeon.
You worshipped Vehumet.
Vehumet was noncommittal.
You visited 2 branches of the dungeon, and saw 6 of its levels.

You collected 20 gold pieces.

Inventory:

Armour
 a - a +0 robe (worn)
Wands
 g - a wand of charming (6) (quivered)
Scrolls
 e - a scroll of fog {unknown}
Potions
 b - a potion of magic
 c - a potion of mutation {unknown}
 d - a potion of haste {unknown}
 f - a potion of degeneration {unknown}


   Skills:
 - Level 2.8 Dodging
 - Level 1.4 Stealth
 - Level 2.9 Spellcasting
 - Level 1.5 Conjurations
 - Level 3.9 Fire Magic
 + Level 0.4 Evocations


You had 3 spell levels left.
You knew the following spells:

 Your Spells              Type           Power      Damage    Failure   Level
a - Foxfire               Conj/Fire      44%        2x1d6     6%          1
b - Scorch                Fire           30%        2d6       5%          2

Your spell library contained the following spells:

 Spells                   Type           Power      Damage    Failure   Level
 Inner Flame              Hex/Fire       8%         N/A       26%         3
 Volatile Blastmotes      Fire/Tloc      16%        2d11      26%         3
 Flame Wave               Conj/Fire      11%        2d6       52%         4


Dungeon Overview and Level Annotations

Branches:
Dungeon (5/15) Zot: 2748   Temple (1/1) D:4 Zot: 377

Altars:
Dithmenos
Elyvilon
Fedhas
Gozag
Hepliaklqana
Kikubaaqudgha
Makhleb
Vehumet
Wu Jian
Zin
The Shining One

Annotations:
D:5 Pikel


Innate Abilities, Weirdness & Mutations

You passively map a small area around you.
You are easily found by Zot.
You glow in the dark.
You regain HP and MP as you explore.


Message History

Done exploring.
Done exploring.
Search for what [? for help]? veh
There is a glowing silver altar of Zin here.
You enter the shallow water.
Moving in this stuff is going to be slow.
You enter the shallow water.
Moving in this stuff is going to be slow.
There is a radiant altar of Vehumet here.
You kneel at the altar of Vehumet.
Vehumet welcomes you!
(D) Dungeon (T) Temple
Where to? (Enter - Temple @ (x,y), ? - help)
What level of the Dungeon? (default 4, ? - help)
You enter the shallow water.
Moving in this stuff is going to be slow.
There is a white marble altar of Elyvilon here.
There is a staircase back to the Dungeon here.
You climb upwards.
Welcome back to the Dungeon!
There is a staircase to the Ecumenical Temple here.
(D) Dungeon (T) Temple
Where to? (Enter - D:4, ? - help)
What level of the Dungeon? (default 1, ? - help)
Okay, then.
(D) Dungeon (T) Temple
Where to? (Enter - D:4, ? - help)
What level of the Dungeon? (default 1, ? - help)
There is an open door here.
There is a stone staircase leading down here.
You climb downwards.
Pikel shouts!
The lemure shouts! x4; You hear a shout!
There is a stone staircase leading up here.
There are monsters nearby!
The lemure closely misses you. The lemure hits you! The lemure hits you.
* * * LOW HITPOINT WARNING * * *
You climb upwards.
There is a stone staircase leading down here.
The lemure hits you but does no damage. The lemure attacks as you move away!
The lemure hits you!
You die...

* *### #....## #.# ,, <.#
##.###.## #.# ** #.# ##..#
##.## #.# #.# #.#.#####.# #.#
#.# #.#...###.#########.#
######.###.###.#.............#
##.............5#..############
#...##.######.#5#.##########
.......# ##.5@.......(..#
#...##<# ##.###..######*
.#.###.########.# ##.##PPP##
.............#..#
#.#P...P#*****
.#.###.#####....# #.'..>.P# ,
...# #.# .#..# ###P...P# , ####
#.# #.#..# ##PPP## #.# *#,#..#
##### , #.., , ...#


You could see 3 lemures.

Vanquished Creatures
  A worm (D:2)
  2 bats
  3 endoplasms
  A giant cockroach (D:1)
  A hobgoblin (D:1)
  2 kobolds
  A rat (D:1)
11 creatures vanquished.

Vanquished Creatures (others)
  27 foxfires
27 creatures vanquished.

Grand Total: 38 creatures vanquished

Notes
Turn   | Place    | Note
-------+----------+-------------------------------------------
     0 | D:1      | hawla the Meteoran Fire Elementalist began the quest for
                  | the Orb.
     0 | D:1      | Reached XP level 1. HP: 14/14 MP: 5/5
    40 | D:1      | Reached XP level 2. HP: 20/20 MP: 1/6
    94 | D:3      | Learned a level 2 spell: Scorch
   229 | D:4      | Found a staircase to the Ecumenical Temple.
   236 | Temple   | Entered the Ecumenical Temple
   425 | Temple   | Became a worshipper of Vehumet
   460 | D:5      | Entered Level 5 of the Dungeon
   460 | D:5      | Noticed Pikel
   460 | D:5      | Noticed a lemure
   460 | D:5      | Noticed a lemure
   460 | D:5      | Noticed a lemure
   460 | D:5      | Noticed a lemure
   461 | D:5      | Noticed an ogre
   464 | D:4      | Slain by a lemure

Illustrated notes

Levels and vault maps discovered:
D:1:      dreamdust_arrival_beginning_and_end, layout_basic
D:2:      layout_basic, kennysheep_nub, minmay_shallow_snake_nest
D:3:      layout_loops_corners, gammafunk_temple_overflow_wave,
          shapermc_ecumenical_altar_notcrosses
D:4:      layout_loops_ring, amcnicky_altar_gilded,
          minmay_temple_entry_enclosed_plants, serial_shops, shop
D:5:      layout_loops_ring, chequers_temple_overflow_minitemple, uniq_pikel,
          uniq_duvessa
Temple:   nicolae_temple_bog_church

Action                     || total
---------------------------++-------
  Melee: Unarmed           ||     2
   Cast: Foxfire           ||    18
 Armour: Robe              ||     1
  Dodge: Dodged            ||     5
